 Dungeon Crawl Stone Soup version 0.28-a0-1387-g3a22ab9bdc (webtiles) character file.

Game seed: 12537327132263835109

32287 Deminshera the Covert (level 14, -6/76 (94) HPs)
             Began as a Kobold Brigand on Jan 1, 2022.
             Was a Follower of Uskayaw.
             Mangled by a basilisk (7 damage)
             ... while petrified by a basilisk
             ... on level 6 of the Lair of Beasts on Jan 2, 2022.
             The game lasted 00:26:50 (24927 turns).

Deminshera the Covert (Kobold Brigand)             Turns: 24927, Time: 00:26:51

HP:   -6/76 (94)    AC:  4    Str: 13    XL:     14   Next: 1%
MP:   22/22         EV:  3    Int: 12    God:    Uskayaw [*.....]
Gold: 1099          SH:  0    Dex: 25    Spells: 13/13 levels left

rFire   . . .      SeeInvis .   o - +2 dagger (venom)
rCold   + + .      Faith    +   h - +0 buckler "Cifioteiq" {+Inv rC++ Will- rCorr}
rNeg    + + +      Spirit   .   w - +0 leather armour of Fioq {Rampage +Inv rElec Dex+8}
rPois   ∞          Reflect  .   (no helmet)
rElec   +          Harm     .   C - scarf {shadows}
rCorr   +          Rampage  +   T - +0 pair of gloves
Will    .....                   (no boots)
Stlth   +++++++...              p - amulet of faith
HPRegen 0.22/turn               x - ring of flight
MPRegen 0.18/turn               v - +4 ring of evasion

@: petrified, flying, heavily drained
A: small, no large weapons, nightstalker 3
a: Renounce Religion, Evoke Invisibility, Stomp


You were on level 6 of the Lair of Beasts.
You worshipped Uskayaw.
Uskayaw was aware of your devotion.
You visited 3 branches of the dungeon, and saw 17 of its levels.

You collected 1099 gold pieces.

Inventory:

Hand Weapons
 o - a +2 dagger of venom (weapon)
Missiles
 d - 56 poisoned darts (quivered)
 e - 2 curare-tipped darts
 f - 2 throwing nets
Armour
 h - the +0 buckler "Cifioteiq" (worn) {+Inv rC++ Will- rCorr}
   (You found it on level 6 of the Dungeon)

   rC:        It greatly protects you from cold.
   +Inv:      It lets you turn invisible.
   rCorr:     It protects you from acid and corrosion.
   Will:      It decreases your willpower.
 w - the +0 leather armour of Fioq (worn) {Rampage +Inv rElec Dex+8}
   (You found it on level 5 of the Dungeon)

   Dex:       It affects your dexterity (+8).
   rElec:     It insulates you from electricity.
   +Inv:      It lets you turn invisible.
   Rampage:   It bestows one free step when moving towards enemies.
 C - a scarf of shadows (worn)
 T - a +0 pair of gloves (worn)
Jewellery
 n - a ring of positive energy
 p - an amulet of faith (around neck)
 v - a +4 ring of evasion (right hand)
 x - a ring of flight (left hand)
 D - an amulet of regeneration
 F - a ring of protection from cold
 H - an amulet of guardian spirit
 L - a ring of see invisible
 S - a +4 ring of protection
Wands
 t - a wand of charming (10)
 y - a wand of flame (17)
 A - a wand of acid (5)
 B - a wand of mindburst (10)
 I - a wand of polymorph (5)
Scrolls
 a - a scroll of enchant weapon
 b - 4 scrolls of blinking
 g - 6 scrolls of teleportation
 i - a scroll of magic mapping
 m - 2 scrolls of amnesia
 s - a scroll of fog
 z - 2 scrolls of immolation
 G - 3 scrolls of identify
 M - a scroll of noise {unknown}
 P - a scroll of silence
 Q - a scroll of enchant armour
Potions
 j - a potion of attraction
 k - 2 potions of brilliance
 l - 2 potions of flight
 q - 6 potions of curing
 r - a potion of invisibility {unknown}
 u - 3 potions of mutation
 E - a potion of cancellation
 K - a potion of magic {unknown}
 N - 2 potions of heal wounds {unknown}
 O - a potion of lignification {unknown}
Miscellaneous
 J - a lightning rod (4/4)
 R - a phantom mirror


   Skills:
 - Level 13.0 Fighting
 + Level 7.7 Short Blades
 - Level 3.0 Throwing
 - Level 10.0 Dodging
 - Level 14.0 Stealth
 - Level 5.6 Shields
 + Level 11.0 Invocations
 + Level 11.2 Evocations


You had 13 spell levels left.
You didn't know any spells.
Your spell library contained the following spells:

 Spells                   Type           Power      Damage    Failure   Level
 Magic Dart               Conj           0%         1d3       38%         1
 Pain                     Necr           0%         1d4       38%         1
 Corpse Rot               Necr/Air       0%         N/A       54%         2
 Poisonous Vapours        Pois/Air       0%         N/A       54%         2
 Searing Ray              Conj           0%         2d4       54%         2
 Static Discharge         Conj/Air       0%         N/A       54%         2
 Call Canine Familiar     Summ           0%         N/A       77%         3
 Inner Flame              Hex/Fire       0%         N/A       77%         3
 Portal Projectile        Hex/Tloc       0%         N/A       77%         3
 Cause Fear               Hex            0%         N/A       99%         4
 Dispel Undead            Necr           0%         3d6       99%         4
 Fulminant Prism          Conj/Hex       0%         3d6       99%         4
 Leda's Liquefaction      Hex/Erth       0%         N/A       99%         4
 Passage of Golubria      Tloc           0%         N/A       99%         4
 Sticky Flame             Conj/Fire      0%         2d3       99%         4
 Summon Lightning Spire   Summ/Air       0%         N/A       99%         4
 Agony                    Necr           0%         N/A       100%        5
 Excruciating Wounds      Necr           0%         N/A       100%        5
 Fireball                 Conj/Fire      0%         3d3       100%        5
 Lightning Bolt           Conj/Air       0%         1d11      100%        5
 Silence                  Hex/Air        0%         N/A       100%        5
 Summon Cactus Giant      Summ           0%         N/A       100%        6
 Malign Gateway           Summ/Tloc      0%         N/A       100%        7
 Discord                  Hex            0%         N/A       100%        8
 Disjunction              Tloc           0%         N/A       100%        8
 Lehudib's Crystal Spear  Conj/Erth      0%         10d2      100%        8
 Maxwell's Capacitive Co  Air            0%         ∞         100%        8
 Chain Lightning          Conj/Air       0%         N/A       100%        9
 Fire Storm               Conj/Fire      0%         5d1       100%        9
 Shatter                  Erth           0%         3d5*      100%        9


Dungeon Overview and Level Annotations

Branches:
Dungeon (10/15)            Temple (1/1) D:7            Lair (6/6) D:9
  Snake (0/4) Lair:3       Spider (0/4) Lair:4        Slime (0/5) Lair:6
    Orc: D:9-12

Altars:
Ashenzari
Cheibriados
Dithmenos
Elyvilon
Fedhas
Gozag
Hepliaklqana
Kikubaaqudgha
Makhleb
Nemelex Xobeh
Okawaru
Qazlal
Ru
Sif Muna
Trog
Uskayaw
Vehumet
Wu Jian
Xom
Yredelemnul
Zin
The Shining One

Annotations:
D:4 exclusion: upstairs
Lair:6 1 exclusion


Innate Abilities, Weirdness & Mutations

You are small and have problems with some larger weapons.
You are completely attuned to the shadows.


Message History

You are slowing down.
You feel drained.
You fail to use your ability.
A water moccasin comes into view.
The basilisk bites you!
A basilisk comes into view.
The basilisk closely misses you.
A yak comes into view.
The basilisk closely misses you. The basilisk gazes at you.
Your limbs have turned to stone.
The yak closely misses you.
The water moccasin hisses angrily.
The yak bellows!
The basilisk hisses angrily.
You have turned to stone.
The basilisk bites you! The basilisk bites you. The basilisk gazes at you.
The water moccasin bites you. The yak gores you. The water moccasin bites you.
The basilisk bites you. The basilisk bites you!
The yak gores you but does no damage. The basilisk bites you!
The yak gores you! The water moccasin bites you. The basilisk bites you!
The basilisk bites you. The yak barely misses you. The basilisk gazes at you.
You struggle to resist.
The yak gores you!
The water moccasin bites you but does no damage.
The water moccasin bites you!
* * * LOW HITPOINT WARNING * * *
The basilisk bites you but does no damage. x2
The yak gores you.
The basilisk bites you but does no damage.
The yak gores you!
* * * LOW HITPOINT WARNING * * *
The water moccasin completely misses you.
The basilisk bites you!
* * * LOW HITPOINT WARNING * * *
The basilisk bites you!
* * * LOW HITPOINT WARNING * * *
The yak gores you!
* * * LOW HITPOINT WARNING * * *
The basilisk bites you!
You die...

****,,,,,,,*≈≈≈≈,≈.............♣*
* *,,,,,,,,,,,,,.............,**
* **,,,,,,,,,,,,,,...........,,,
*****,,,,,,,,,,,,,,...........,,,
,,**,,,,,,,,,,,,,,,............,*
,,,,,,,,,,,,,...8..............,*
,,,,,,,,,,,,,8.....8...........,*
***,*,,,*,*,,..S8........P...##..
* ***,,*,*,,,.Yl@l.......##.##.P.
* *,,,***,,8.8YYl8.8.....##.#P..
**,,,**,,,.YlY.......P#..#.P..
**,,,,,,,,...88...............
**,,,,,,,,,8.....8.............
*,,,,****,,,,l8................
**,,,***,,,,,,.................
**,,,,,***,,,,,,#..##...........
**,,,,,,,*,,,,,,*#.P.P...........


You could see 5 yaks, 4 basilisks and a water moccasin.

Vanquished Creatures
  Nessos (Lair:5)
  Josephine (Lair:5)
  A hydra (Lair:3)
  3 two-headed ogres
  4 death yaks (D:9)
  The ghost of ChaosChampion the Cleaver, a novice HOFi of Beogh (D:8)
  Nergalle (Lair:2)
  An ugly thing (D:10)
  A cyclops (D:9)
  A manticore (D:8)
  A moth of wrath (D:8)
  5 black mambas
  6 cane toads
  A komodo dragon (Lair:2)
  4 rime drakes
  2 polar bears
  A troll (D:9)
  5 slime creatures (D:9)
  16 blink frogs
  4 wraiths (Lair:5)
  39 yaks
  4 wyverns
  3 redbacks (Lair:4)
  2 basilisks
  4 nagas (Lair:3)
  9 water moccasins
  A hornet zombie (D:7)
  5 black bears
  5 ice beasts
  A sky beast (D:6)
  2 orc warriors (D:10)
  2 necrophages
  An ogre (D:4)
  4 wolves (Lair:1)
  6 centaurs
  2 kobold brigands
  A wyvern zombie (D:6)
  13 bullfrogs
  3 scorpions
  A wyvern skeleton (D:6)
  2 water moccasin skeletons
  14 killer bees
  An electric eel (D:9)
  2 centaur zombies
  A jelly (D:5)
  3 centaur skeletons
  A bullfrog skeleton (D:5)
  An orc priest (D:10)
  2 hounds (D:6)
  4 orc wizards
  A hound zombie (D:5)
  9 gnolls
  8 adders
  2 white imps (D:7)
  2 adder skeletons (D:4)
  A worm (D:5)
  A dart slug (D:1)
  14 orcs
  4 ball pythons
  7 endoplasms
  2 giant cockroaches
  6 hobgoblins
  17 kobolds
  5 quokkas
  6 bats
  A frilled lizard (D:2)
  6 goblins
  2 rats
293 creatures vanquished.

Vanquished Creatures (others)
  A bush (Lair:5)
  20 fungi
  22 plants
  A withered plant (D:6)
44 creatures vanquished.

Grand Total: 337 creatures vanquished

Notes
Turn   | Place    | Note
-------+----------+-------------------------------------------
     0 | D:1      | Deminshera the Kobold Brigand began the quest for the Orb.
     0 | D:1      | Reached XP level 1. HP: 12/12 MP: 1/1
    51 | D:1      | Found a faded altar of an unknown god.
   229 | D:1      | Reached XP level 2. HP: 16/18 MP: 2/2
   548 | D:1      | You fall into a shaft and drop 1 floor!
   922 | D:2      | Reached XP level 3. HP: 22/22 MP: 3/3
  1607 | D:2      | Reached XP level 4. HP: 27/27 MP: 4/4
  2136 | D:3      | Reached skill level 6 in Stealth
  2304 | D:3      | Reached XP level 5. HP: 32/32 MP: 5/5
  2305 | D:3      | Identified the +2 robe of Xihoywon {SInv}
  2835 | D:4      | Noticed a phantom
  3361 | D:4      | Reached XP level 6. HP: 38/38 MP: 6/6
  4012 | D:4      | Noticed an ogre
  4016 | D:4      | Killed an ogre
  4017 | D:4      | Reached skill level 5 in Short Blades
  4017 | D:4      | Reached skill level 7 in Stealth
  4017 | D:4      | Reached XP level 7. HP: 44/44 MP: 7/7
  4300 | D:5      | Entered Level 5 of the Dungeon
  4410 | D:5      | Reached skill level 5 in Fighting
  4410 | D:5      | Reached skill level 8 in Stealth
  4797 | D:5      | Reached XP level 8. HP: 50/50 MP: 8/8
  4809 | D:5      | Reached skill level 1 in Evocations
  4999 | D:5      | Identified the +0 leather armour of Fioq {Rampage +Inv
                  | rElec Dex+8}
  5114 | D:4      | Reached skill level 12 in Stealth
  5114 | D:4      | Reached XP level 9. HP: 15/50 MP: 9/9
  6175 | D:6      | Found an ancient bone altar of Kikubaaqudgha.
  6484 | D:6      | Identified the +0 buckler "Cifioteiq" {+Inv rC++ Will-
                  | rCorr}
  7538 | D:7      | Reached skill level 1 in Shields
  8007 | D:7      | Found a staircase to the Ecumenical Temple.
  8116 | Temple   | Entered the Ecumenical Temple
  8417 | Temple   | Became a worshipper of Uskayaw the Reveller
  8600 | D:7      | Reached * piety under Uskayaw
  8602 | D:7      | Reached ** piety under Uskayaw
  8604 | D:7      | Reached *** piety under Uskayaw
  8605 | D:7      | Reached XP level 10. HP: 57/59 MP: 10/10
  8605 | D:7      | Reached **** piety under Uskayaw
  8614 | D:7      | Reached skill level 13 in Stealth
  8618 | D:7      | Reached ***** piety under Uskayaw
  8686 | D:7      | Reached skill level 1 in Invocations
 10253 | D:8      | Found a transporter.
 10256 | D:8      | Noticed ChaosChampion's ghost (novice HOFi)
 10268 | D:8      | Found a transporter.
 10629 | D:8      | Killed ChaosChampion's ghost
 10631 | D:8      | Reached skill level 10 in Fighting
 10635 | D:8      | Noticed a manticore
 10638 | D:8      | Killed a manticore
 10639 | D:8      | Reached skill level 10 in Dodging
 10639 | D:8      | Reached XP level 11. HP: 64/72 MP: 8/13
 10707 | D:8      | Noticed a moth of wrath
 10724 | D:8      | Killed a moth of wrath
 11006 | D:9      | Noticed a death yak
 11006 | D:9      | Noticed a death yak
 11008 | D:9      | Found a staircase to the Lair.
 11010 | D:9      | Killed a death yak
 11012 | D:9      | Noticed a death yak
 11014 | D:9      | Killed a death yak
 11014 | D:9      | Noticed a death yak
 11015 | D:9      | Reached skill level 14 in Stealth
 11036 | D:9      | Killed a death yak
 11036 | D:9      | Killed a death yak
 11321 | D:9      | Noticed a two-headed ogre
 11323 | D:9      | Killed a two-headed ogre
 11324 | D:9      | Reached skill level 5 in Invocations
 11859 | D:9      | Noticed a cyclops
 11861 | D:9      | Killed a cyclops
 12614 | D:10     | Entered Level 10 of the Dungeon
 12761 | D:10     | Reached XP level 12. HP: 80/80 MP: 16/16
 13015 | D:10     | Noticed a two-headed ogre
 13052 | D:10     | Killed a two-headed ogre
 13053 | D:10     | Reached skill level 5 in Shields
 13602 | D:10     | Noticed a two-headed ogre
 13614 | D:10     | Killed a two-headed ogre
 14551 | Lair:1   | Entered Level 1 of the Lair of Beasts
 16644 | Lair:2   | Noticed Nergalle
 16646 | Lair:2   | Killed Nergalle
 17227 | Lair:3   | Reached XP level 13. HP: 87/87 MP: 19/19
 17287 | Lair:3   | Noticed a five-headed hydra
 17360 | Lair:3   | Killed a five-headed hydra
 18322 | Lair:3   | Found a staircase to the Snake Pit.
 19245 | Lair:3   | Found a staircase to the Snake Pit.
 20683 | Lair:4   | Reached skill level 10 in Evocations
 20855 | Lair:4   | Found a hole to the Spider Nest.
 20861 | Lair:4   | Reached skill level 10 in Invocations
 21522 | Lair:4   | Got Cosk's Collected Works on Dislocated Fire
 21996 | Lair:4   | Identified the +5 long sword "Impbane" {venom, Int+4}
 23909 | Lair:5   | Noticed Nessos
 23911 | Lair:5   | Killed Nessos
 23964 | Lair:5   | Got the Collected Works on Summoning
 24000 | Lair:5   | Noticed Josephine
 24007 | Lair:5   | Killed Josephine
 24806 | Lair:6   | Entered Level 6 of the Lair of Beasts
 24884 | Lair:6   | Reached XP level 14. HP: 91/92 MP: 22/22
 24927 | Lair:6   | HP: 1/76 [yak (4)]
 24927 | Lair:6   | Mangled by a basilisk

Illustrated notes

Levels and vault maps discovered:
D:1:      amcnicky_arrival_gap_in_the_tavern_cellar, layout_rooms,
          basic_ecumenical_altar
D:2:      layout_basic, serial_park_tiny_1
D:3:      layout_loops_ring
D:4:      layout_loops_cross
D:5:      layout_cave_pools
D:6:      layout_layer_cave, kiku_gazebo_garden_becter
D:7:      layout_layer_cave, minmay_temple_entry_gardened_gates,
          serial_bayou_pond_a
D:8:      layout_basic, gammafunk_ghost_berserking_beasts
D:9:      layout_gridville, dpeg_lair_monsters, lightli_minifort
D:10:     layout_cave_pods
Temple:   nicolae_temple_the_god_donut
Lair:1:   layout_regular_city, grunt_megastairs_2
Lair:2:   layout_loops_ring, st_stairs_10, chequers_serial_rivers_marsh,
          chequers_serial_rivers_small_3, grunt_megastairs_5, uniq_nergalle
Lair:3:   layout_loops_ring, minmay_snake_entry_guardpost_medium
Lair:4:   layout_regular_city, spider_nest_entry_webs
Lair:5:   layout_roguey, uniq_josephine, uniq_nessos
Lair:6:   hellmonk_lair_end_abyssal_woods, layout_small_grid, slime_altar_1,
          kennysheep_basilisk_garden, serial_bayou_shore_b, uniq_snorg,
          uniq_urug

Skill      XL: |  1  2  3  4  5  6  7  8  9 10 11 12 13 |
---------------+----------------------------------------+-----
Short Blades   | 3 4 5 7 |  7.7
Dodging        | 2 3 8 9 10 | 10.0
Fighting       | 3 4 5 9 10 11 12 13 | 13.0
Throwing       | 3 |  3.0
Stealth        | 6 7 8 12 13 14 | 14.0
Evocations     | 7 8 11 | 11.2
Shields        | 1 2 4 5 |  5.6
Invocations    | 3 6 8 11 | 11.0

Action                   |  1- 3 |  4- 6 |  7- 9 | 10-12 | 13-15 || total
-------------------------+-------+-------+-------+-------+-------++-------
Melee: Dagger            |    79 |    74 |   203 |   340 |   380 ||  1076
Throw: Dart              |       |    13 |       |       |       ||    13
Invok: Line Pass         |       |       |       |     5 |     5 ||    10
       Stomp             |       |       |       |    10 |     6 ||    16
 Abil: Evoke Invisibilit |       |       |     3 |     2 |     2 ||     7
Evoke: Wand              |       |       |       |       |     2 ||     2
  Use: Scroll            |       |       |    11 |     2 |     3 ||    16
       Potion            |       |       |     5 |       |     1 ||     6
 Stab: Sleeping          |    15 |    13 |    36 |    45 |    30 ||   139
       Distracted        |       |     1 |       |     2 |     2 ||     5
       Invisible         |       |       |     3 |     9 |     3 ||    15
       Paralysed         |       |       |       |    16 |     9 ||    25
       Confused          |       |       |       |     3 |     5 ||     8
Armor: Robe              |     7 |    28 |    14 |       |       ||    49
       Leather armour    |       |       |    12 |    11 |    16 ||    39
Dodge: Dodged            |    38 |    65 |    97 |   241 |   239 ||   680
Block: Buckler           |       |       |    10 |    81 |    86 ||   177

Table legend: (Time is in decaauts)
 A = Elapsed time spent in this place.
 B = Non-inter-level travel time spent in this place.
 C = Inter-level travel time spent in this place.
 D = Time resting spent in this place.
 E = Time spent auto-exploring this place.
 F = Levels seen in this place.
 G = Mean time per level.
                   A        B        C        D        E       F      G
               +--------+--------+--------+--------+--------+-----+--------+
         Total |  24665 |  24016 |    649 |   8362 |  13276 |  17 | 1450.9 |
       Dungeon |  13969 |  13558 |    411 |   4081 |   8035 |  10 | 1396.9 |
        Temple |    456 |    435 |     21 |    115 |    276 |   1 |  456.0 |
          Lair |  10239 |  10023 |    216 |   4166 |   4965 |   6 | 1706.5 |
               +--------+--------+--------+--------+--------+-----+--------+

Top non-repeatable levels by time:
  Lair:3: 3255 daAuts
  Lair:4: 2545 daAuts
    D:10: 1913 daAuts
     D:8: 1763 daAuts
     D:9: 1629 daAuts
     D:6: 1620 daAuts
  Lair:5: 1522 daAuts
  Lair:2: 1467 daAuts
     D:7: 1418 daAuts
  Lair:1: 1328 daAuts
     D:2: 1308 daAuts
     D:5: 1273 daAuts
     D:4: 1175 daAuts
     D:3: 1106 daAuts
     D:1: 760 daAuts
